 Dungeon Crawl Stone Soup version 0.30-a0-879-ga8ba668304 (webtiles) character file.

Game seed: 6568196228263093196

13996 Newt the Markskobold (level 12, -5/76 HPs)
             Began as a Kobold Hunter on Mar 13, 2023.
             Was an Initiate of Hepliaklqana.
             Slain by Sonja
             ... wielding a +2 dagger of distortion
              (26 damage)
             ... on level 10 of the Dungeon.
             The game lasted 00:16:57 (12390 turns).

Newt the Markskobold (Kobold Hunter)               Turns: 12390, Time: 00:16:58

Health: -5/76      AC: 13    Str: 11    XL:     12   Next: 39%
Magic:  21/21      EV: 24    Int: 11    God:    Hepliaklqana [......]
Gold:   410        SH: 15    Dex: 23    Spells: 11/11 levels left

rFire   + . .      SeeInvis +    u - +2 sling (flame)
rCold   + . .      Faith    .    C - +3 buckler
rNeg    . . .      Spirit   .    H - +0 steam dragon scales
rPois   .          Reflect  +    (no helmet)
rElec   .          Rampage  .    r - +1 cloak
rCorr   .                        d - +0 pair of gloves
Will    .....                    t - +3 pair of mountain boots {steadfast, rC+}
Stlth   +++                      p - amulet of reflection
HPRegen 0.32/turn                l - ring of flight
MPRegen 0.17/turn                o - ring "Zeor" {rF+ MP+9 EV+5 Str+3 SInv}

@: flying
A: small, no large weapons, nightstalker 3
a: Renounce Religion


You were on level 10 of the Dungeon.
You worshipped Hepliaklqana.
Hepliaklqana was noncommittal.
You visited 2 branches of the dungeon, and saw 11 of its levels.
You also visited: Bailey.

You collected 615 gold pieces.
You spent 205 gold pieces at shops.

Inventory:

Hand Weapons
 a - a +0 shortbow
 f - the +7 long sword of the Beast {speed, Will+ Int+2}
   (You found it in a bailey)

   Int:       It affects your intelligence (+2).
   Will:      It increases your willpower.
 u - a +2 sling of flaming (weapon)
Armour
 c - a +0 leather armour
 d - a +0 pair of gloves (worn)
 r - a +1 cloak (worn)
 t - the +3 pair of mountain boots (worn) {steadfast, rC+}
   (You acquired it on level 5 of the Dungeon)

   Steadfast: It prevents involuntary movement, except for blinking,
   teleportation, or banishment.
   rC:        It protects you from cold.
 y - a +2 robe of fire resistance
 C - a +3 buckler (worn)
 H - +0 steam dragon scales (worn)
Jewellery
 l - a ring of flight (left hand)
 n - a ring of fire
 o - the ring "Zeor" (right hand) {rF+ MP+9 EV+5 Str+3 SInv}
   (You found it on level 2 of the Dungeon)

   [ring of evasion]

   EV:        It affects your evasion (+5).
   Str:       It affects your strength (+3).
   rF:        It protects you from fire.
   MP:        It affects your magic capacity (+9).
   SInv:      It lets you see invisible.
 p - an amulet of reflection (around neck)
 I - a ring of willpower
Wands
 b - a wand of flame (19)
 h - a wand of polymorph (9)
 L - a wand of digging (3)
Scrolls
 q - 4 scrolls of teleportation
 v - a scroll of brand weapon
 w - 3 scrolls of vulnerability
 x - a scroll of fog
 A - a scroll of poison {unknown}
 D - 2 scrolls of noise
 E - a scroll of amnesia
 K - 2 scrolls of magic mapping
Potions
 e - 2 potions of cancellation
 g - a potion of magic
 i - 3 potions of attraction
 j - 2 potions of might
 k - 2 potions of curing
 m - 4 potions of degeneration
 s - 2 potions of flight
 z - a potion of haste
 B - a potion of heal wounds {unknown}
 F - a potion of lignification
 G - a potion of mutation {unknown}
 J - a potion of resistance {unknown}


   Skills:
 - Level 9.0 Fighting
 - Level 16.0 Ranged Weapons
 - Level 4.0 Armour
 - Level 6.0 Dodging
 - Level 1.3 Stealth
 - Level 9.0 Shields
 + Level 3.9 Evocations


You had 11 spell levels left.
You didn't know any spells.
Your spell library contained the following spells:

 Spells                   Type           Power      Damage    Failure   Level
 Foxfire                  Conj/Fire      0%         2x1d4     43%         1
 Blink                    Tloc           0%         N/A       56%         2
 Static Discharge         Conj/Air       0%         2-2/arc   56%         2
 Vhi's Electric Charge    Tloc/Air       0%         N/A       80%         3
 Manifold Assault         Tloc           0%         N/A       99%         4
 Summon Ice Beast         Ice/Summ       0%         N/A       99%         4
 Arcjolt                  Conj/Air       0%         1d10      100%        5
 Fireball                 Conj/Fire      0%         3d3       100%        5
 Iskenderun's Battlesphe  Conj           0%         2d6       100%        5
 Lightning Bolt           Conj/Air       0%         1d11      100%        5
 Summon Mana Viper        Hex/Summ       0%         N/A       100%        5
 Iron Shot                Conj/Erth      0%         9d1       100%        6
 Starburst                Conj/Fire      0%         6d3       100%        6
 Monstrous Menagerie      Summ           0%         N/A       100%        7
 Spellforged Servitor     Conj/Summ      0%         N/A       100%        7
 Storm Form               Tmut/Air       0%         N/A       100%        7


Dungeon Overview and Level Annotations

Branches:
Dungeon (10/15)            Temple (1/1) D:5            Lair (0/5) D:9
 Bailey (visited)
    Orc: D:9-12

Altars:
Ashenzari
Dithmenos
Elyvilon
Fedhas
Gozag
Hepliaklqana
Kikubaaqudgha
Makhleb
Nemelex Xobeh
Okawaru
Qazlal
Ru
Sif Muna
Trog
Uskayaw
Vehumet
Wu Jian
Xom
Yredelemnul
Zin
The Shining One

Shops:
D:1 !   D:4 (   D:10 :

Portals:
Abyss: D:6

Annotations:
D:6 2 transporters, elongatedgoose's ghost, novice MiFi
D:10 3 runed translucent doors, Sonja


Innate Abilities, Weirdness & Mutations

You are small and have problems with some larger weapons.
You are completely attuned to the shadows.


Message History

Sonja completely misses you. You block Sonja's attack. Sonja misses you.
You shoot a sling bullet. The sling bullet closely misses Sonja.
Sonja says, "If only old Madame Brzewit could see me now!"
Sonja hits you with a +2 dagger of distortion.
Space warps horribly around you! Sonja misses you. You block Sonja's attack.
You are too injured to fight recklessly!
You are too injured to fight recklessly!
Unknown command.
You shoot a sling bullet.
The sling bullet completely misses Sonja.
Sonja closely misses you. Sonja barely misses you. You block Sonja's attack.
Unknown command.
You shoot a sling bullet. The sling bullet misses Sonja.
Sonja hits you but does no damage. Space warps around you.
You block Sonja's attack. Sonja hits you but does no damage.
Unknown command.
You shoot a sling bullet.
The sling bullet completely misses Sonja.
Sonja completely misses you. You block Sonja's attack. Sonja barely misses you.
Unknown command.
You shoot a sling bullet. The sling bullet hits Sonja.
The sling bullet burns Sonja.
Sonja is heavily wounded.
Sonja closely misses you. Sonja barely misses you. You block Sonja's attack.
Unknown command.
You shoot a sling bullet. The sling bullet hits Sonja!
The sling bullet burns Sonja.
Sonja is almost dead.
Sonja hits you but does no damage. Space warps around you.
You block Sonja's attack. Sonja misses you.
Unknown command.
You shoot a sling bullet. The sling bullet closely misses Sonja.
You block Sonja's attack. Sonja misses you. Sonja hits you but does no damage.
Space warps around you.
* * * LOW HITPOINT WARNING * * *
Unknown command.
You shoot a sling bullet. The sling bullet misses Sonja.
You block Sonja's attack. Sonja hits you but does no damage.
Space warps horribly around you!!
You die...

#######################..#
.# #.....###..#
..#####..........#
......[....####.#
#....#...## #.# ##..######
### ##..## #..### ##.@K#
##..... ####.# .


You could see Sonja.

Vanquished Creatures
  Josephine (D:10)
  A two-headed ogre (D:9)
  An ugly thing (D:8)
  2 orc knights (Bailey)
  Joseph (D:9)
  Maggie (D:10)
  A komodo dragon (D:9)
  A troll (D:10)
  Prince Ribbit (D:8)
  Grinder (D:4)
  A wyvern (D:9)
  The ghost of ZoeForever1 the Digger, an amateur GrEE (D:4)
  5 wraiths (D:10)
  17 yaks
  A vampire (D:10)
  A steam dragon (D:9)
  3 water moccasins
  Duvessa (D:7)
  2 sky beasts (D:6)
  An ice beast (D:7)
  10 orc warriors
  5 black bears
  5 centaurs
  4 kobold brigands
  2 phantoms
  Blork the orc (D:6)
  2 gnoll sergeants
  5 scorpions
  6 bullfrogs
  4 wights (D:9)
  Dowan (D:7)
  20 killer bees
  3 howler monkeys
  5 jellies
  3 hounds
  A gnoll bouda (D:7)
  Crazy Yiuf (D:3)
  6 orc priests
  3 iguanas
  9 orc wizards
  A sleepcap (D:6)
  Natasha (thrice) (D:4)
  12 gnolls
  6 adders
  A white imp (D:6)
  2 ufetubi
  A dart slug (D:2)
  A worm (D:3)
  56 orcs
  4 endoplasms
  2 giant cockroaches
  10 goblins
  4 hobgoblins
  7 jackals
  4 quokkas
  3 ball pythons
  3 bats
  4 frilled lizards
  8 kobolds
  3 rats
275 creatures vanquished.

Vanquished Creatures (others)
  A kobold brigand (D:8)
  53 fungi (D:9)
  47 plants
101 creatures vanquished.

Grand Total: 376 creatures vanquished

Notes
Turn   | Place    | Note
-------+----------+-------------------------------------------
     0 | D:1      | Newt the Kobold Hunter began the quest for the Orb.
     0 | D:1      | Reached XP level 1. HP: 12/12 MP: 1/1
   109 | D:1      | Found Dyimiygg's Distillery.
   380 | D:1      | Reached XP level 2. HP: 18/18 MP: 2/2
   972 | D:2      | Reached XP level 3. HP: 20/23 MP: 3/3
  1044 | D:2      | Identified the ring "Zeor" {rF+ MP+9 EV+5 Str+3 SInv}
  1256 | D:2      | Reached XP level 4. HP: 30/30 MP: 4/4
  1696 | D:2      | Found a faded altar of an unknown god.
  2129 | D:3      | Found a runed translucent door.
  2132 | D:3      | Noticed Crazy Yiuf
  2580 | D:3      | Killed Crazy Yiuf
  2581 | D:3      | Reached skill level 5 in Fighting
  2581 | D:3      | Reached XP level 5. HP: 25/35 MP: 5/5
  2769 | D:4      | Reached skill level 6 in Ranged Weapons
  2798 | D:4      | Noticed Grinder
  2799 | D:4      | Paralysed by Grinder for 3 turns
  2808 | D:4      | Noticed Natasha
  2810 | D:4      | Killed Natasha
  2810 | D:4      | Killed Grinder
  2811 | D:4      | Reached skill level 8 in Ranged Weapons
  2811 | D:4      | Reached XP level 6. HP: 32/40 MP: 6/6
  2811 | D:4      | Reached XP level 7. HP: 35/44 MP: 7/7
  2872 | D:4      | Noticed Natasha
  2877 | D:4      | Killed Natasha
  2878 | D:4      | Reached skill level 9 in Ranged Weapons
  2889 | D:4      | Noticed Natasha
  2891 | D:4      | Killed Natasha
  2982 | D:4      | Found Afaocit's Weapon Shop.
  3134 | D:4      | Found a runed translucent door.
  3359 | D:4      | Bought a +2 sling of flaming for 205 gold pieces
  3444 | D:5      | Entered Level 5 of the Dungeon
  3952 | D:5      | Noticed a water moccasin
  3967 | D:5      | Killed a water moccasin
  3968 | D:5      | Reached skill level 10 in Ranged Weapons
  4427 | D:5      | Found a staircase to the Ecumenical Temple.
  4458 | D:5      | Identified a scroll of acquirement
  4458 | D:5      | Acquired the +3 pair of mountain boots {steadfast, rC+}
  4458 | D:5      | Found the +3 pair of mountain boots {steadfast, rC+}
  4518 | D:5      | Reached XP level 8. HP: 47/49 MP: 8/8
  4553 | D:5      | Reached skill level 5 in Dodging
  4760 | Temple   | Entered the Ecumenical Temple
  4856 | D:4      | Noticed ZoeForever1's ghost (amateur GrEE)
  4874 | D:4      | Killed ZoeForever1's ghost
  4937 | D:6      | Noticed Blork the orc
  4948 | D:6      | Reached skill level 11 in Ranged Weapons
  4972 | D:6      | Killed Blork the orc
  4973 | D:6      | Reached skill level 12 in Ranged Weapons
  4973 | D:6      | Reached XP level 9. HP: 34/54 MP: 9/9
  5478 | D:6      | Found a transporter.
  5486 | D:6      | Found a transporter.
  5497 | D:6      | Found a one-way gate to the infinite horrors of the Abyss.
  5530 | D:6      | Noticed elongatedgoose's ghost (novice MiFi)
  5778 | D:6      | Reached skill level 13 in Ranged Weapons
  6706 | D:7      | Reached skill level 14 in Ranged Weapons
  6720 | D:7      | Reached skill level 1 in Shields
  6968 | D:7      | Found a shadowy altar of Dithmenos.
  7296 | D:7      | Noticed Dowan
  7300 | D:7      | Noticed Duvessa
  7305 | D:7      | Killed Dowan
  7318 | D:7      | Killed Duvessa
  7326 | D:7      | Reached XP level 10. HP: 14/58 MP: 10/10
  7742 | D:8      | Found a sparkling altar of Nemelex Xobeh.
  7764 | D:8      | Found a shimmering blue altar of Sif Muna.
  7875 | D:8      | Reached skill level 5 in Shields
  7887 | D:8      | Reached skill level 1 in Armour
  7933 | D:8      | Noticed a purple ugly thing
  7964 | D:8      | Killed a purple ugly thing
  8141 | D:8      | Found a flagged portal.
  8147 | Bailey   | Entered a bailey
  8659 | Bailey   | Noticed an orc knight
  8662 | Bailey   | Noticed an orc knight
  8684 | Bailey   | Killed an orc knight
  8722 | Bailey   | Killed an orc knight
  8723 | Bailey   | Reached XP level 11. HP: 32/71 MP: 11/11
  9178 | Bailey   | Identified the +7 long sword of the Beast {speed, Will+
                  | Int+2}
  9427 | D:8      | Noticed Prince Ribbit
  9439 | D:8      | Killed Prince Ribbit
  9930 | D:9      | Noticed Joseph
  9937 | D:9      | Killed Joseph
 10433 | D:9      | Found a staircase to the Lair.
 10812 | D:9      | Noticed a two-headed ogre
 10820 | D:9      | Killed a two-headed ogre
 11214 | D:9      | Found a hazy altar of Hepliaklqana.
 11260 | D:9      | Became a worshipper of Hepliaklqana the Forgotten
 11537 | D:10     | Entered Level 10 of the Dungeon
 11664 | D:10     | Found a runed translucent gate.
 11665 | D:10     | Found a runed translucent gate.
 11667 | D:10     | Found a runed translucent gate.
 11731 | D:10     | Found a white marble altar of Elyvilon.
 11737 | D:10     | Identified the +0 dagger "Qotusuj" {venom, Fragile rElec
                  | rF+ rN+++}
 11804 | D:10     | Reached XP level 12. HP: 76/76 MP: 12/12
 11848 | D:10     | Reached skill level 15 in Ranged Weapons
 12009 | D:10     | Found Entuid's Book Emporium.
 12012 | D:10     | Noticed Maggie
 12034 | D:10     | Killed Maggie
 12067 | D:10     | Noticed Josephine
 12078 | D:10     | Killed Josephine
 12079 | D:10     | Reached skill level 16 in Ranged Weapons
 12090 | D:10     | Reached skill level 1 in Evocations
 12331 | D:10     | Found a stormy altar of Qazlal.
 12373 | D:10     | Noticed Sonja
 12390 | D:10     | Slain by Sonja

Illustrated notes

Levels and vault maps discovered:
D:1:      dpeg_arrival_tiny_e, layout_loops_corners, serial_shops,
          nicolae_shop_trees
D:2:      layout_basic, dreamdust_ecumenical_altar_hidden_monk_grotto
D:3:      layout_basic, uniq_crazy_yiuf_cottage
D:4:      layout_loops_ring, ebering_ghost_reflecting_pool,
          kennysheep_windowed_goal, uniq_natasha, uniq_grinder
D:5:      layout_basic, minmay_temple_entry_gardened_gates, minivault_25,
          chequers_mini_garden
D:6:      layout_rooms, gammafunk_ghost_abyssal_escape, uniq_blork_the_orc
D:7:      layout_cave_pools, mainiacjoe_overflow_alcove_1, uniq_duvessa
D:8:      minmay_octagon_keep, layout_basic, mainiacjoe_overflow_brackets,
          nemelex_altar_shiori, enter_bailey_3, minmay_hedge_maze,
          uniq_prince_ribbit1
D:9:      layout_basic, mainiacjoe_overflow_boulevard,
          due_lair_maze_entry_diamond, uniq_joseph
D:10:     kennysheep_seaside_town, layout_loops_ring, chei_slow_surprise,
          lemuel_coloured_pillars_altar, mainiacjoe_overflow_paths,
          gammafunk_ghost_icy, serial_shops, nicolae_shop_waterfront,
          special_room [special_room_bee], columned_hall_lemuel, uniq_sonja,
          uniq_josephine, uniq_erolcha, uniq_maggie
Temple:   hellmonk_temple_two_chambers

Skill      XL: |  1  2  3  4  5  6  7  8  9 10 11 12 |
---------------+-------------------------------------+-----
Fighting       | 3 4 5 9 |  9.0
Ranged Weapons | 8 10 12 14 16 | 16.0
Dodging        | 4 6 |  6.0
Shields        | 4 5 9 |  9.0
Armour         | 4 |  4.0
Evocations     | 3 |  3.9
Stealth        | |  1.3

Action                     |  1- 3 |  4- 6 |  7- 9 | 10-12 || total
---------------------------+-------+-------+-------+-------++-------
  Melee: Sling             |       |       |     3 |       ||     3
   Fire: Shortbow          |    60 |    46 |    27 |       ||   133
         Sling             |       |       |   368 |   796 ||  1164
  Evoke: Wand              |       |     2 |     1 |     2 ||     5
    Use: Scroll            |     2 |     3 |     7 |     6 ||    18
         Potion            |       |     2 |     3 |     5 ||    10
 Armour: Leather armour    |     9 |     2 |    25 |    21 ||    57
         Steam dragon scal |       |       |       |    24 ||    24
  Dodge: Dodged            |    24 |     8 |   188 |   300 ||   520
  Block: Other             |       |     6 |    42 |       ||    48
         Buckler           |       |       |    36 |   339 ||   375
         Reflection        |       |       |     3 |    22 ||    25

Table legend: (Time is in decaauts)
 A = Elapsed time spent in this place.
 B = Non-inter-level travel time spent in this place.
 C = Inter-level travel time spent in this place.
 D = Time resting spent in this place.
 E = Time spent auto-exploring this place.
 F = Levels seen in this place.
 G = Mean time per level.
                   A        B        C        D        E       F      G
               +--------+--------+--------+--------+--------+-----+--------+
         Total |  12176 |  11644 |    532 |   2597 |   7187 |  12 | 1014.7 |
       Dungeon |  11040 |  10516 |    524 |   2006 |   6908 |  10 | 1104.0 |
        Temple |     31 |     24 |      7 |      0 |     18 |   1 |   31.0 |
        Bailey |   1104 |   1104 |      0 |    591 |    261 |   1 | 1104.0 |
               +--------+--------+--------+--------+--------+-----+--------+

Top non-repeatable levels by time:
     D:9: 1692 daAuts
     D:6: 1620 daAuts
     D:5: 1308 daAuts
  Bailey: 1104 daAuts
     D:7: 1101 daAuts
     D:8: 947 daAuts
     D:4: 944 daAuts
     D:1: 942 daAuts
     D:3: 864 daAuts
     D:2: 849 daAuts
    D:10: 769 daAuts
  Temple: 31 daAuts
